 Dungeon Crawl Stone Soup version 0.24.1-14-gf8d2b509d9 (webtiles) character file.

Game seed: 3908116024345754144, levelgen mode: deterministic

12158 Gabide the Brawler (level 11, -34/72 HPs)
             Began as a Vine Stalker Chaos Knight on May 19, 2020.
             Was a Plaything of Xom.
             Killed from afar by an ice dragon (40 damage)
             ... with a blast of cold
             ... in an ice cave.
             The game lasted 00:39:00 (8466 turns).

Gabide the Brawler (Vine Stalker Chaos Knight)      Turns: 8466, Time: 00:39:00

Health: -34/72     AC: 18    Str: 19      XL:     11   Next: 89%
Magic:  0/21       EV: 32    Int: 11 (12) God:    Xom [...*..]
Gold:   647        SH:  0    Dex: 16      Spells: 10/10 levels left

rFire    . . .     SeeInvis .     - Unarmed
rCold    . . .     Gourm    .   (no shield)
rNeg     . . .     Faith    .   l - +4 leather armour of Itwexoy {*Slow Dex+3}
rPois    +         Spirit   +   A - +2 helmet
rElec    .         Reflect  .   m - +0 cloak
rCorr    .         Harm     .   t - +2 pair of gloves
MR       +....                  (no boots)
Stlth    +.........             h - amulet of the acrobat
HPRegen  0.62/turn              j - ring of poison resistance
MPRegen  0.17/turn              y - ring of magical power

@: acrobat
A: fangs 3, hooves 1, iridescent scales 1, molten scales 1, deterioration 1,
regeneration 1, robust 3, magic shield, antimagic bite, no potion heal 3, rot
immunity, sturdy frame 1
a: Renounce Religion


You were in an ice cave.
You worshipped Xom.
You were a favourite toy of Xom.
You were not hungry.

You visited 1 branch of the dungeon, and saw 11 of its levels.
You also visited: Ice Cave.

You collected 647 gold pieces.

Inventory:

Missiles
 D - 7 atropa-tipped darts (quivered)
Armour
 a - a +2 leather armour
 l - the +4 leather armour of Itwexoy (worn) {*Slow Dex+3}
   (You found it on level 4 of the Dungeon)

   It affects your dexterity (+3).
   It may slow you when you take damage.
 m - a +0 cloak (worn)
 t - a +2 pair of gloves (worn)
 x - the +4 plate armour of Esunudyi {rF- rN+ MR+ Str+4}
   (You found it on level 7 of the Dungeon)

   It affects your strength (+4).
   It makes you vulnerable to fire.
   It protects you from negative energy.
   It affects your resistance to hostile enchantments.
 A - a +2 helmet (worn)
Jewellery
 c - an uncursed ring of wizardry
 d - an uncursed ring of wizardry
 h - an amulet of the acrobat (around neck)
 j - a ring of poison resistance (left hand)
 k - an uncursed ring of protection from fire
 y - a ring of magical power (right hand)
Wands
 g - a wand of clouds (2)
 p - a wand of digging (4)
 u - a wand of enslavement (15)
 C - a wand of paralysis (19)
Scrolls
 f - 3 scrolls of magic mapping
 i - 4 scrolls of identify
 n - 7 scrolls of teleportation
 v - 2 scrolls of fog
 w - 2 scrolls of remove curse
 E - a scroll of enchant weapon
Potions
 e - 2 potions of flight
 o - 5 potions of curing
 q - a potion of invisibility {unknown}
 r - a potion of heal wounds {unknown}
 z - a potion of lignification
 B - 3 potions of brilliance
 F - a potion of ambrosia {unknown}
Comestibles
 b - 10 rations
 G - 6 chunks of flesh


   Skills:
 * Level 6.2 Fighting
 - Level 1.5 Armour
 * Level 7.1 Dodging
 - Level 0.1 Stealth
 + Level 15.1 Unarmed Combat


You had 10 spell levels left.
You didn't know any spells.
Your spell library contained the following spells:

 Spells                   Type           Power        Failure   Level  Hunger
 Animate Skeleton         Necr           N/A          36%         1    ##.....
 Apportation              Tloc           #.....       36%         1    ##.....
 Confusing Touch          Hex            #.....       36%         1    ##.....
 Corona                   Hex            #......      36%         1    ##.....
 Freeze                   Ice            #...         36%         1    ##.....
 Magic Dart               Conj           #...         36%         1    ##.....
 Sandblast                Erth           #.....       36%         1    ##.....
 Sting                    Conj/Pois      #...         36%         1    ##.....
 Summon Small Mammal      Summ           #...         36%         1    ##.....
 Ensorcelled Hibernation  Hex/Ice        #.....       50%         2    ###....
 Passwall                 Tmut/Erth      #.......     50%         2    ###....
 Poisonous Vapours        Pois/Air       #.....       50%         2    ###....
 Searing Ray              Conj           #.....       50%         2    ###....
 Throw Frost              Conj/Ice       #.....       50%         2    ###....
 Confuse                  Hex            #.......     73%         3    ####...
 Dazzling Spray           Conj/Hex       #.....       73%         3    ####...
 Gell's Gravitas          Tloc           #.........   73%         3    ####...
 Mephitic Cloud           Conj/Pois/Air  #.......     73%         3    ####...
 Ozocubu's Armour         Chrm/Ice       #.......     73%         3    ####...
 Portal Projectile        Hex/Tloc       #.....       73%         3    ####...
 Stone Arrow              Conj/Erth      #.....       73%         3    ####...
 Tukima's Dance           Hex            #.......     73%         3    ####...
 Force Lance              Conj/Tloc      #.......     98%         4    #####..
 Fulminant Prism          Conj/Hex       #.........   98%         4    #####..
 Iskenderun's Mystic Bla  Conj           #.......     98%         4    #####..
 Olgreb's Toxic Radiance  Pois           #.......     98%         4    #####..
 Petrify                  Tmut/Erth      #.......     98%         4    #####..
 Summon Ice Beast         Ice/Summ       #.......     98%         4    #####..
 Throw Icicle             Conj/Ice       #.......     98%         4    #####..
 Lee's Rapid Deconstruct  Erth           #.........   100%        5    ######.
 Metabolic Englaciation   Hex/Ice        #.........   100%        5    ######.
 Venom Bolt               Conj/Pois      #.........   100%        5    ######.
 Yara's Violent Unravell  Hex/Tmut       #.........   100%        5    ######.
 Freezing Cloud           Conj/Ice/Air   #.........   100%        6    #######


Dungeon Overview and Level Annotations

Branches:
Dungeon (11/15)            Temple (0/1) D:6            Lair (0/6) D:10
    Orc (0/2) D:10          IceCv (1/1)

Altars:
Elyvilon
Fedhas
Nemelex Xobeh
Qazlal
Ru
Sif Muna
Uskayaw
Wu Jian
Xom
The Shining One

Shops:
D:10 (

Portals:
Gauntlet: D:11

Annotations:
D:8 3 runed translucent doors, H0rd4k's ghost, novice DEWz


Innate Abilities, Weirdness & Mutations

You have razor-sharp teeth.
Your natural rate of healing is unusually fast.
When hurt, damage is shared between your health and your magic reserves.
Your bite disrupts and absorbs the magic of your enemies.
Potions cannot restore your health.
You are immune to rotting.
You have large cloven feet.
You are partially covered in iridescent scales. (AC +2)
You are partially covered in molten scales. (AC +2)
Your body sometimes deteriorates upon taking damage.
You are extremely robust. (+30% HP)
Your movements are slightly less encumbered by armour. (ER -2)


Message History

The ice dragon resists with some effort.
The ice dragon breathes frost at you. The blast of cold hits you!!!
Ouch! That really hurt!
* * * LOW HITPOINT WARNING * * *
You hear a deafening roar!
You see here a rime drake skeleton.
Okay, then.
Okay, then.
The ice dragon roars deafeningly!
Evoke which item? (* to show all) (? for menu, Esc to quit)
Aiming: Paralyse
Press: ? - help, Shift-Dir - straight line, f/p - ice dragon
Aim: an ice dragon (chance to defeat MR: 28%)
The ice dragon easily resists.
The ice dragon breathes frost at you. The blast of cold hits you!!!
Ouch! That really hurt!
You die...
Xom thinks this is hilarious!

##...........###
##..............##
#................##
#.................###
##..............#...######
##...D.........###..##..#
##..........### ##....#.
##.#D...#.## ##.####
####.@#### ### # ##..#
##..## #.รท## #...##
##...## ##...# ##...#
#...##


You could see 2 ice dragons.

Vanquished Creatures
  Snorg (D:10)
  Pikel (D:9)
  A necromancer (D:9)
  An ugly thing (D:11)
  2 ice statues (IceCv)
  Maurice (D:9)
  2 rime drakes (IceCv)
  3 hornets
  3 hippogriffs
  Grinder (D:6)
  Sigmund (D:6)
  6 yaks (D:10)
  2 hungry ghosts (D:9)
  Menkaure (D:5)
  2 wargs (D:10)
  2 soldier ants (D:8)
  Edmund (D:5)
  2 sky beasts
  3 orc warriors
  A necrophage (D:10)
  A phantom (D:6)
  13 ice beasts
  8 ogres
  A centaur (IceCv)
  4 bullfrogs
  A big kobold (D:7)
  5 scorpions
  A water moccasin skeleton (D:5)
  6 killer bees (D:10)
  3 wights (D:9)
  4 howler monkeys
  3 crimson imps
  A centaur zombie (D:6)
  A bullfrog zombie (D:5)
  A quasit (D:11)
  2 hounds
  2 orc priests
  2 jellies
  7 orc wizards
  Crazy Yiuf (D:5)
  A bullfrog skeleton (D:5)
  2 centaur skeletons
  4 worker ants
  Terence (D:2)
  5 iguanas
  4 polar bear simulacra (D:9)
  2 yak simulacra (D:9)
  4 wolf simulacra (D:9)
  A hound skeleton (D:4)
  A howler monkey zombie (D:5)
  2 worker ant zombies
  12 gnolls
  15 adders
  3 shadow imps
  A white imp (D:8)
  2 oozes
  An adder zombie (D:6)
  An adder skeleton (D:9)
  2 worms
  2 dart slugs
  6 leopard geckos
  21 orcs
  9 bats
  8 giant cockroaches
  3 goblins
  6 hobgoblins
  14 jackals
  7 kobolds
  3 quokkas
  2 ball pythons
  5 frilled lizards
  A goblin skeleton (D:8)
  2 goblin zombies (D:8)
  3 hobgoblin zombies (D:8)
  A kobold skeleton (D:8)
  A kobold zombie (D:8)
  2 orc skeletons (D:8)
  7 rats
271 creatures vanquished.

Vanquished Creatures (collateral kills)
  A warg (D:10)
  An ice beast (IceCv)
  2 orc wizards (D:6)
  A gnoll (D:7)
  3 orcs
  A quokka (D:10)
  A kobold (D:7)
  A river rat simulacrum (D:9)
11 creatures vanquished.

Vanquished Creatures (others)
  An ice beast (IceCv)
  A wight (D:9)
  A leopard gecko (D:9)
  A quokka (D:9)
  A fire vortex (D:9)
  3 fungi
  2 plants (D:8)
10 creatures vanquished.

Grand Total: 292 creatures vanquished

Notes
Turn   | Place    | Note
-------+----------+-------------------------------------------
     0 | D:1      | Gabide the Vine Stalker Chaos Knight began the quest for
                  | the Orb.
     0 | D:1      | Reached XP level 1. HP: 11/11 MP: 2/2
    92 | D:1      | XOM: potion effect (experience)
    92 | D:1      | Reached skill level 8 in Unarmed Combat
    92 | D:1      | Reached XP level 2. HP: 15/16 MP: 3/3
   156 | D:1      | Reached XP level 3. HP: 17/19 MP: 4/4
   415 | D:1      | XOM: mild Summ miscast
   698 | D:1      | XOM: mild Tmut miscast
   857 | D:2      | XOM: harmless Chrm miscast
   858 | D:2      | XOM: cloud trail
   891 | D:2      | Gained mutation: Your natural rate of healing is unusually
                  | fast. [Vine Stalker growth]
   891 | D:2      | Reached XP level 4. HP: 18/23 MP: 5/5
   955 | D:2      | Noticed Terence
   962 | D:2      | XOM: give mutations
   962 | D:2      | Gained mutation: You are agile. (Dex +2) [Xom's grace]
   962 | D:2      | Gained mutation: You are partially covered in icy blue
                  | scales. (AC +2) [Xom's grace]
   962 | D:2      | Gained mutation: You are partially covered in molten
                  | scales. (AC +2) [Xom's grace]
   962 | D:2      | Gained mutation: You are robust. (+10% HP) [Xom's grace]
   964 | D:2      | Killed Terence
   964 | D:2      | Reached skill level 1 in Dodging
  1231 | D:2      | XOM: medium Ice miscast
  1250 | D:2      | XOM: mild Conj miscast
  1253 | D:2      | Reached XP level 5. HP: 18/30 MP: 3/6
  1451 | D:3      | Found a shimmering blue altar of Sif Muna.
  1576 | D:3      | Found a stormy altar of Qazlal.
  1777 | D:3      | XOM: give mutation
  1777 | D:3      | Gained mutation: You are dopey. (Int -2) [Xom's mischief]
  1814 | D:3      | XOM: mild Necr miscast
  1858 | D:3      | XOM: mild Hex miscast
  1902 | D:3      | XOM: god gift: coral ring {god gift}
  2046 | D:3      | XOM: mild Air miscast
  2210 | D:4      | Found a blossoming altar of Fedhas.
  2283 | D:4      | Got a spiked leather armour
  2284 | D:4      | Identified the +4 leather armour of Itwexoy {*Slow Dex+3}
                  | (You found it on level 4 of the Dungeon)
  2300 | D:4      | Noticed an ogre
  2333 | D:4      | XOM: noise
  2457 | D:4      | Killed an ogre
  2457 | D:4      | Reached XP level 6. HP: 29/35 MP: 7/7
  2509 | D:4      | Reached skill level 9 in Unarmed Combat
  2615 | D:4      | XOM: scenery: create altars
  2820 | D:4      | Reached XP level 7. HP: 36/39 MP: 8/8
  2880 | D:4      | Found a sacrificial altar of Ru.
  2930 | D:5      | XOM: noise
  2930 | D:5      | Entered Level 5 of the Dungeon
  2939 | D:5      | XOM: cleaving
  2944 | D:5      | XOM: confuse monster(s)
  3043 | D:5      | XOM: fog
  3054 | D:5      | XOM: potion effect (might)
  3057 | D:5      | Reached skill level 10 in Unarmed Combat
  3078 | D:5      | Noticed Edmund
  3086 | D:5      | Killed Edmund
  3086 | D:5      | Gained mutation: You have razor-sharp teeth. [Vine Stalker
                  | growth]
  3086 | D:5      | Reached XP level 8. HP: 23/44 MP: 5/9
  3174 | D:5      | Identified the Disquisition on Feathery Enchantment
  3281 | D:5      | XOM: enchant monster (good)
  3347 | D:5      | Noticed Menkaure
  3348 | D:5      | XOM: summons 2 friendly demons
  3350 | D:5      | Killed Menkaure
  3367 | D:5      | Found a runed translucent door.
  3368 | D:5      | Noticed Crazy Yiuf
  3386 | D:5      | Killed Crazy Yiuf
  3440 | D:5      | Found a shimmering altar of Xom.
  3573 | D:6      | Found a staircase to the Ecumenical Temple.
  3576 | D:6      | Noticed Grinder
  3595 | D:6      | Reached skill level 11 in Unarmed Combat
  3611 | D:6      | Noticed Sigmund
  3621 | D:6      | Killed Grinder
  3621 | D:6      | Reached XP level 9. HP: 37/48 MP: 10/10
  3624 | D:6      | Killed Sigmund
  3634 | D:6      | XOM: cleaving
  3770 | D:6      | XOM: summons 5 friendly demons
  3828 | D:6      | Reached skill level 12 in Unarmed Combat
  4127 | D:6      | Found an ornate altar of the Wu Jian Council.
  4174 | D:6      | XOM: give mutations
  4174 | D:6      | Gained mutation: You possess an exceptional clarity of
                  | mind. [Xom's grace]
  4174 | D:6      | Gained mutation: Your spells are a little harder to cast,
                  | but a little more powerful. [Xom's grace]
  4174 | D:6      | Gained mutation: Your flesh is heat resistant. (rF+) [Xom's
                  | grace]
  4174 | D:6      | Gained mutation: You are very robust. (+20% HP) [Xom's
                  | grace]
  4326 | D:7      | XOM: scenery: create altars
  4642 | D:7      | Got a dazzling plate armour
  4766 | D:7      | XOM: scenery: create altars
  4827 | D:7      | Found a sparkling altar of Nemelex Xobeh.
  4945 | D:7      | Identified the +4 plate armour of Esunudyi {rF- rN+ MR+
                  | Str+4} (You found it on level 7 of the Dungeon)
  5034 | D:8      | Found a glowing golden altar of the Shining One.
  5098 | D:8      | XOM: cloud trail
  5184 | D:8      | Found a hide-covered altar of Uskayaw.
  5258 | D:8      | Found a runed translucent gate.
  5259 | D:8      | Found a runed translucent gate.
  5260 | D:8      | Found a runed translucent gate.
  5261 | D:8      | Noticed a kobold demonologist
  5262 | D:8      | Noticed H0rd4k's ghost (novice DEWz)
  5359 | D:8      | Noticed a hornet
  5364 | D:8      | Killed a hornet
  5364 | D:8      | XOM: confuse monster(s)
  5377 | D:8      | Reached XP level 10. HP: 58/58 MP: 11/11
  5436 | D:8      | XOM: divination: detect items
  5861 | D:9      | Noticed Pikel
  5870 | D:9      | XOM: 2-stop teleportation journey
  5878 | D:9      | XOM: divination: detect creatures
  5908 | D:9      | Noticed a necromancer
  5918 | D:9      | Killed a necromancer
  5918 | D:9      | Reached skill level 13 in Unarmed Combat
  5957 | D:9      | Found a white marble altar of Elyvilon.
  5969 | D:9      | XOM: god gift: 7 atropa-tipped darts
  5980 | D:9      | XOM: mild Fire miscast
  6059 | D:9      | Reached skill level 5 in Dodging
  6087 | D:9      | XOM: harmless Chrm miscast
  6095 | D:9      | XOM: cleaving
  6097 | D:9      | XOM: confuse monster(s)
  6103 | D:9      | Noticed Maurice
  6126 | D:9      | Killed Maurice
  6211 | D:9      | XOM: divination: magic mapping
  6340 | D:9      | Killed Pikel
  6340 | D:9      | Reached skill level 5 in Fighting
  6424 | D:9      | XOM: summons 6 friendly demons
  6551 | D:9      | Reached skill level 14 in Unarmed Combat
  6726 | D:10     | Entered Level 10 of the Dungeon
  6790 | D:10     | XOM is BORED!
  6790 | D:10     | XOM: 1-stop teleportation journey
  6791 | D:10     | Noticed Snorg
  6800 | D:10     | Reached XP level 11. HP: 55/67 MP: 12/12
  6813 | D:10     | Found a staircase to the Lair.
  7004 | D:10     | Lost mutation: You are dopey. (Int -2) [potion of mutation]
  7004 | D:10     | Lost mutation: Your flesh is heat resistant. (rF+) [potion
                  | of mutation]
  7004 | D:10     | Lost mutation: You possess an exceptional clarity of mind.
                  | [potion of mutation]
  7004 | D:10     | Lost mutation: You are partially covered in icy blue
                  | scales. (AC +2) [potion of mutation]
  7004 | D:10     | Gained mutation: Your flesh is cold resistant. (rC+)
                  | [potion of mutation]
  7004 | D:10     | Gained mutation: You are partially covered in iridescent
                  | scales. (AC +2) [potion of mutation]
  7004 | D:10     | Lost mutation: You are agile. (Dex +2) [potion of mutation]
  7004 | D:10     | Gained mutation: Your movements are slightly less
                  | encumbered by armour. (ER -2) [potion of mutation]
  7005 | D:10     | Lost mutation: Your flesh is cold resistant. (rC+) [potion
                  | of mutation]
  7005 | D:10     | Lost mutation: Your spells are a little harder to cast, but
                  | a little more powerful. [potion of mutation]
  7005 | D:10     | Gained mutation: You are extremely robust. (+30% HP)
                  | [potion of mutation]
  7005 | D:10     | Gained mutation: Your body sometimes deteriorates upon
                  | taking damage. [potion of mutation]
  7005 | D:10     | Gained mutation: You have large cloven feet. [potion of
                  | mutation]
  7011 | D:10     | XOM: smoke on damage
  7031 | D:10     | Killed Snorg
  7054 | D:10     | XOM: noise
  7246 | D:10     | Found Obuts's Antique Weapon Shop.
  7395 | D:10     | Found a staircase to the Orcish Mines.
  7395 | D:10     | XOM: swap monsters
  7779 | D:11     | Found a gate leading to a gauntlet.
  7906 | D:11     | Found a white marble altar of Elyvilon.
  7962 | D:11     | Noticed a cyan ugly thing
  7967 | D:11     | XOM: mild Tmut miscast
  7975 | D:11     | Killed a cyan ugly thing
  8162 | D:11     | Found a frozen archway.
  8208 | D:11     | Found a sacrificial altar of Ru.
  8219 | IceCv    | Entered an ice cave
  8222 | IceCv    | XOM: confuse monster(s)
  8227 | IceCv    | XOM: polymorph ice beast -> centaur
  8249 | IceCv    | XOM: harmless Tloc miscast
  8251 | IceCv    | XOM: enchant monster (good)
  8253 | IceCv    | XOM: enchant monster (good)
  8256 | IceCv    | XOM: divination: detect creatures
  8267 | IceCv    | XOM: enchant monster (good)
  8281 | IceCv    | Reached skill level 15 in Unarmed Combat
  8298 | IceCv    | XOM: 2-stop teleportation journey
  8300 | IceCv    | XOM: confuse monster(s)
  8347 | IceCv    | XOM: cleaving
  8349 | IceCv    | XOM: destruction
  8412 | IceCv    | Noticed an ice dragon
  8415 | IceCv    | Noticed an ice dragon
  8422 | IceCv    | XOM: butterfly on damage
  8435 | IceCv    | XOM: butterfly on damage
  8461 | IceCv    | HP: 3/72 [ice dragon/blast of cold (36)]
  8466 | IceCv    | Killed from afar by an ice dragon

Levels and vault maps discovered:
D:1:      minmay_arrival_widening_spiral_wide, layout_rooms
D:2:      layout_basic, uniq_terence
D:3:      layout_loops_corners, lemuel_crystal_altar, led_sif_pool,
          minmay_misc_feat_hallway
D:4:      layout_loops_cross, kennysheep_mini, first_ration,
          chequers_serial_rivers_micro_e, fedhas_altar_3
D:5:      layout_cave_pools, kennysheep_mini_moat, bh_walls_and_bars,
          uniq_menkaure, uniq_edmund, uniq_crazy_yiuf_cottage
D:6:      layout_cave_pools, nicolae_overflow_hidden_temple,
          minmay_temple_entry_butterflies, uniq_sigmund, uniq_grinder
D:7:      layout_loops_ring, lemuel_round_altar
D:8:      layout_gridville, overflow_temple_1_default,
          gammafunk_ghost_nasty_kobolds, hangedman_pestilent_swarm,
          nicolae_tso_besieged_by_evil
D:9:      layout_irregular_city, elyvilon_altar_4, eino_house_with_fridge,
          uniq_pikel, uniq_maurice
D:10:     layout_roguey, erik_lair_orcish_takeover, david_orc_2, serial_shops,
          nicolae_shop_overgrown_old_shop, uniq_snorg
D:11:     layout_grid_maze, basic_altar, portal_ice_cave_entry_pillars_2,
          gauntlet_entry_generic, nicolae_ru_path_of_blood
IceCv:    ice_cave_small_dragons

Skill      XL: |  1  2  3  4  5  6  7  8  9 10 11 |
---------------+----------------------------------+-----
Unarmed Combat | 8 9 10 11 12 14 15 | 15.1
Dodging        | 1 2 3 4 5 7 |  7.1
Fighting       | 3 4 5 6 |  6.2
Armour         | |  1.5
Stealth        | |  0.1

Action                   |  1- 3 |  4- 6 |  7- 9 | 10-12 || total
-------------------------+-------+-------+-------+-------++-------
Melee: Unarmed           |    67 |   141 |   238 |   399 ||   845
       Bite              |     8 |    46 |    75 |   138 ||   267
       Punch             |     3 |     2 |    20 |    45 ||    70
       Kick              |       |       |       |    73 ||    73
Evoke: Wand              |       |       |       |    12 ||    12
  Use: Scroll            |     6 |     9 |     9 |    11 ||    35
       Potion            |       |     1 |       |     3 ||     4
 Stab: Sleeping          |     1 |     1 |     1 |     3 ||     6
       Distracted        |       |     1 |       |     1 ||     2
       Confused          |       |       |     4 |     5 ||     9
       Paralysed         |       |       |       |     4 ||     4
       Petrified         |       |       |       |     2 ||     2
       Betrayed ally     |       |       |       |     1 ||     1
  Eat: Chunk             |       |     4 |     6 |     2 ||    12
       Ration            |       |     1 |       |     4 ||     5
Armor: Leather armour    |    22 |    35 |    72 |   114 ||   243
       Skin              |       |       |       |    17 ||    17
Dodge: Dodged            |    52 |    76 |   143 |   245 ||   516
